 Dungeon Crawl Stone Soup version 0.30-a0-269-gf0224bf7b6 (webtiles) character file.

Game seed: 2052230210914593177

258 hikkokomori the Gusty (level 6, -5/38 HPs)
             Began as a Tengu Air Elementalist on Oct 15, 2022.
             Slain by a hobgoblin (6 damage)
             ... led by Robin
             ... on level 2 of the Dungeon.
             The game lasted 00:03:57 (1759 turns).

hikkokomori the Gusty (Tengu Air Elementalist)      Turns: 1759, Time: 00:03:57

Health: -5/38      AC:  5    Str:  8    XL:     6   Next: 16%
Magic:  9/10       EV: 14    Int: 18    God:
Gold:   133        SH:  0    Dex: 14    Spells: 5/9 levels left

rFire   . . .      SeeInvis .    h - +0 war axe
rCold   . . .      Faith    .    (no shield)
rNeg    . . .      Spirit   .    a - +0 robe
rPois   .          Reflect  .    (helmet restricted)
rElec   .          Harm     .    k - +2 cloak
rCorr   .          Rampage  .    (no gloves)
Will    .....                    (boots unavailable)
Stlth   ++........               (no amulet)
HPRegen 0.26/turn                (no ring)
MPRegen 0.12/turn                (no ring)

@: flying quickly and evasively, quick
A: beak, talons 3, nimble flight
a: no special abilities


You were on level 2 of the Dungeon.
You visited 1 branch of the dungeon, and saw 3 of its levels.

You collected 133 gold pieces.

Inventory:

Hand Weapons
 f - a +0 dagger
 h - a +0 war axe (weapon)
Missiles
 e - 3 curare-tipped darts
Armour
 a - a +0 robe (worn)
 k - a +2 cloak (worn)
Jewellery
 q - a ring of wizardry
Scrolls
 i - a scroll of acquirement {unknown}
 m - 2 scrolls of identify
 n - a scroll of brand weapon {unknown}
 o - a scroll of enchant weapon {unknown}
 p - a scroll of enchant armour {unknown}
 s - a scroll of teleportation {unknown}
Potions
 b - a potion of magic
 c - 2 potions of degeneration
 d - a potion of haste {unknown}
 g - a potion of curing {unknown}
 j - a potion of flight {unknown}
 r - a potion of berserk rage {unknown}


   Skills:
 + Level 4.0 Fighting
 - Level 2.1 Dodging
 - Level 2.0 Stealth
 - Level 2.0 Spellcasting
 - Level 1.3 Conjurations
 + Level 6.8 Air Magic


You had 5 spell levels left.
You knew the following spells:

 Your Spells              Type           Power      Damage    Failure   Level
a - Shock                 Conj/Air       64%        1d7       3%          1
b - Swiftness             Air            26%        N/A       3%          3

Your spell library contained the following spells:

 Spells                   Type           Power      Damage    Failure   Level
 Static Discharge         Conj/Air       32%        2-4/arc   4%          2
 Airstrike                Air            13%        2d(2-18)  11%         4


Dungeon Overview and Level Annotations

Branches:
Dungeon (3/15)

Altars:

Annotations:
D:3 Robin


Innate Abilities, Weirdness & Mutations

You have a beak for a mouth.
You have claws for feet.
Your magical nature lets you fly swiftly and evasively.


Message History

The hobgoblin shouts! x2; The goblin shouts!
The hobgoblin shouts!
The goblin shouts! x2; Robin shouts!
The goblin shouts!
Found a white potion, 2 javelins and 3 gold pieces.
There is a stone staircase leading up here.
There are monsters nearby!
Unknown command.
The hobgoblin closely misses you. The hobgoblin hits you.
The hobgoblin misses you. The goblin hits you with a +0 club.
The goblin barely misses you.
Robin roars a battlecry!
The goblins go into a battle-frenzy!
The goblin barely misses you.
You fly upwards.
There is a stone staircase leading down here.
As you read the scroll labelled SEIGUL HOORIQISS, it crumbles to dust.
The creatures around you are filled with an inner flame!
It was a scroll of immolation.
The goblin hits you with a +0 club. The hobgoblin closely misses you.
The goblin barely misses you.
Casting: Shock (safe; 3% risk of failure)
Confirm with . or Enter, or press ? or * to list all spells.
Aiming: Shock (safe; 3% risk of failure)
Press: ? - help, Shift-Dir - straight line The zap hits the goblin.
The zap hits the hobgoblin.
Flame seeps out of the hobgoblin.
The hobgoblin is moderately wounded.
The zap hits the hobgoblin.
Flame seeps out of the hobgoblin.
The hobgoblin is almost dead.
The goblin explodes!
The fiery explosion engulfs the hobgoblin!!
The fiery explosion engulfs you!!
Ouch! That really hurt!
* * * LOW HITPOINT WARNING * * *
The hobgoblin explodes!
The goblin barely misses you. The hobgoblin misses you.
Unknown command.
As you read the scroll labelled ASAFAORIDI, it crumbles to dust.
It is a scroll of identify.
c - 2 potions of degeneration The goblin closely misses you.
The hobgoblin hits you.
You die...

........# #########..# #.#
#######.###..........####.#######
# #..........##....##........ #
#.###.####.......##########
#######.).......###..<.# #......
#.........#.##.# #.#.## #.#####
##.####.##...#..# #.#.#####.#
##.# ##...####§####.........#
.#.###.#..###§○)@gg.....#####
......###...#§§##g........###
.#.##..#.##......g..........###
##......#.................)...#
#####...#.###.)##.............###
.).............##................
.####..........##.............##.
.# #..#####..###...........#.###
.# #..# #.(###.........###.# #


You could see 2 hobgoblins and 2 goblins.

Vanquished Creatures
  Sigmund (D:2)
  5 adders (D:2)
  A worm (D:2)
  A dart slug (D:2)
  An orc (D:2)
  4 endoplasms
  A giant cockroach (D:2)
  9 goblins
  5 hobgoblins (D:2)
  4 jackals (D:1)
  2 quokkas (D:1)
  A ball python (D:1)
  3 bats
  2 frilled lizards
  5 kobolds
  2 rats (D:2)
47 creatures vanquished.

Notes
Turn   | Place    | Note
-------+----------+-------------------------------------------
     0 | D:1      | hikkokomori the Tengu Air Elementalist began the quest for
                  | the Orb.
     0 | D:1      | Reached XP level 1. HP: 10/10 MP: 4/4
   243 | D:1      | Reached skill level 1 in Fighting
   243 | D:1      | Reached XP level 2. HP: 14/16 MP: 0/6
   904 | D:2      | Reached XP level 3. HP: 14/20 MP: 7/7
   941 | D:2      | Learned a level 3 spell: Swiftness
  1010 | D:2      | Reached skill level 5 in Air Magic
  1180 | D:2      | Reached XP level 4. HP: 23/27 MP: 8/8
  1232 | D:2      | Noticed Sigmund
  1241 | D:2      | Killed Sigmund
  1242 | D:2      | Reached skill level 6 in Air Magic
  1242 | D:2      | Gained mutation: Your magical nature lets you fly swiftly
                  | and evasively. [Tengu growth]
  1242 | D:2      | Reached XP level 5. HP: 24/33 MP: 0/9
  1359 | D:2      | Reached XP level 6. HP: 38/38 MP: 10/10
  1754 | D:3      | Noticed Robin
  1758 | D:2      | HP: 1/38 [spore (26)]
  1759 | D:2      | Slain by a hobgoblin

Illustrated notes

Levels and vault maps discovered:
D:1:      ebering_hopf_link, layout_loops_ring
D:2:      layout_loops_ring, minmay_indecisive_spiral, uniq_sigmund
D:3:      layout_loops_ring, shapermc_ecumenical_altar_mp_highgroup, uniq_robin,
          uniq_ijyb

Skill      XL: |  1  2  3  4  5  6 |
---------------+-------------------+-----
Fighting       | 1 2 3 4 |  4.0
Air Magic      | 5 6 |  6.8
Dodging        | |  2.1
Stealth        | |  2.0
Spellcasting   | |  2.0
Conjurations   | |  1.3

Action                   |  1- 3 |  4- 6 || total
-------------------------+-------+-------++-------
Melee: Dagger            |     8 |       ||     8
       Kick              |    12 |     5 ||    17
       Peck              |     8 |     6 ||    14
       War axe           |    51 |    21 ||    72
 Cast: Shock             |    16 |    12 ||    28
  Use: Scroll            |       |     2 ||     2
 Stab: Sleeping          |     4 |       ||     4
Armor: Robe              |    31 |     6 ||    37
Dodge: Dodged            |    41 |    29 ||    70

Table legend: (Time is in decaauts)
 A = Elapsed time spent in this place.
 B = Non-inter-level travel time spent in this place.
 C = Inter-level travel time spent in this place.
 D = Time resting spent in this place.
 E = Time spent auto-exploring this place.
 F = Levels seen in this place.
 G = Mean time per level.
                   A        B        C        D        E       F      G
               +--------+--------+--------+--------+--------+-----+--------+
         Total |   1756 |   1675 |     81 |     54 |   1303 |   3 |  585.3 |
       Dungeon |   1756 |   1675 |     81 |     54 |   1303 |   3 |  585.3 |
               +--------+--------+--------+--------+--------+-----+--------+

Top non-repeatable levels by time:
     D:2: 894 daAuts
     D:1: 860 daAuts
     D:3: 1 daAuts
